 Dungeon Crawl Stone Soup version 0.30-a0-311-gf115ab0292 (webtiles) character file.

Game seed: 12697092489922132093

1416 koil the Sneak (level 8, -1/40 HPs)
             Began as a Spriggan Venom Mage on Oct 25, 2022.
             Was an Initiate of Vehumet.
             Constricted to death by Edmund (4 damage)
             ... on level 6 of the Dungeon.
             The game lasted 00:32:20 (5174 turns).

koil the Sneak (Spriggan Venom Mage)                Turns: 5174, Time: 00:32:21

Health: -1/40      AC:  5    Str:  4    XL:     8   Next: 43%
Magic:  15/17      EV: 16    Int: 18    God:    Vehumet [......]
Gold:   249        SH:  0    Dex: 16    Spells: 11/17 levels left

rFire   . . .      SeeInvis +    a - +2 short sword (protect)
rCold   + . .      Faith    .    (no shield)
rNeg    . . .      Spirit   .    y - +2 robe {Will+}
rPois   .          Reflect  .    (helmet restricted)
rElec   .          Harm     .    s - +0 cloak
rCorr   .          Rampage  .    (gloves unavailable)
Will    ++...                    (boots unavailable)
Stlth   +++.......               h - amulet of magic regeneration
HPRegen 0.26/turn                E - ring of protection from cold
MPRegen 0.55/turn                (no ring)

@: grasped by roots, very slightly contaminated, constricted, very quick
A: very small, no large weapons, unfitting armour, see invisible, speed 3
a: Renounce Religion


You were on level 6 of the Dungeon.
You worshipped Vehumet.
Vehumet was noncommittal.
You visited 1 branch of the dungeon, and saw 6 of its levels.

You collected 249 gold pieces.

Inventory:

Hand Weapons
 a - a +2 short sword of protection (weapon)
 c - a +0 mace
 t - a +1 short sword of venom
 v - a +0 hand axe of freezing
 x - a +2 whip of freezing
 z - a +3 morningstar
 C - a +3 falchion
Missiles
 o - 8 atropa-tipped darts
 A - 11 poisoned darts
Armour
 d - a +0 robe
 s - a +0 cloak (worn)
 y - a +2 robe of willpower (worn)
Magical Staves
 e - a staff of conjuration
 J - a staff of cold
Jewellery
 h - an amulet of magic regeneration (around neck)
 E - a ring of protection from cold (left hand)
Wands
 r - a wand of digging (7)
 D - a wand of roots (14)
 F - a wand of light (7)
Scrolls
 i - 2 scrolls of butterflies
 k - a scroll of blinking
 l - 3 scrolls of identify {unknown}
 m - a scroll of immolation {unknown}
 n - a scroll of poison {unknown}
 u - a scroll of teleportation {unknown}
 B - 3 scrolls of enchant armour {unknown}
 G - a scroll of torment {unknown}
 H - a scroll of noise {unknown}
 I - 2 scrolls of fear {unknown}
Potions
 b - a potion of magic
 f - a potion of haste
 g - 2 potions of might {unknown}
 j - 4 potions of curing
 p - 2 potions of heal wounds {unknown}
 q - 2 potions of degeneration {unknown}
 w - 2 potions of flight {unknown}


   Skills:
 + Level 3.0 Fighting
 + Level 3.4 Short Blades
 + Level 5.6 Dodging
 + Level 6.7 Stealth
 + Level 5.3 Spellcasting
 * Level 5.3 Transmutations
 + Level 1.1 Fire Magic
 + Level 4.9 Poison Magic


You had 11 spell levels left.
You knew the following spells:

 Your Spells              Type           Power      Damage    Failure   Level
a - Sting                 Tmut/Pois      92%        1d7       1%          1
b - Olgreb's Toxic Radia  Pois           22%        N/A       17%         4
c - Foxfire               Conj/Fire      24%        2x1d5     10%         1

Your spell library contained the following spells:

 Spells                   Type           Power      Damage    Failure   Level
 Wereblood                Tmut           23%        N/A       2%          2
 Poisonous Vapours        Pois/Air       26%        N/A       7%          2
 Summon Small Mammal      Summ           16%        N/A       13%         1
 Sublimation of Blood     Necr           4%         N/A       19%         2
 Mephitic Cloud           Conj/Pois/Air  10%        N/A       19%         3
 Call Canine Familiar     Summ           4%         N/A       36%         3
 Stone Arrow              Conj/Erth      8%         3d7       36%         3
 Summon Guardian Golem    Hex/Summ       4%         N/A       36%         3
 Animate Armour           Summ/Erth      8%         N/A       77%         4
 Fireball                 Conj/Fire      3%         3d4       95%         5
 Starburst                Conj/Fire      3%         6d3       100%        6
 Summon Hydra             Summ           2%         N/A       100%        7
 Lehudib's Crystal Spear  Conj/Erth      2%         10d2      100%        8


Dungeon Overview and Level Annotations

Branches:
Dungeon (6/15)
 Temple: D:4-7

Altars:
Gozag
Vehumet
Zin

Shops:
D:6 :

Annotations:
D:6 Edmund


Innate Abilities, Weirdness & Mutations

You are very small and have problems with some larger weapons.
You are too small for most types of armour.
You have supernaturally acute eyesight. (SInv)
You cover ground extremely quickly. (Speed+++)


Message History

You escape the roots grasp.
Your toxic aura wanes.
You feel sick.
There is a stone staircase leading down here.
You feel sick. Edmund misses you.
There is an entrance to Nimef's Book Shoppe here.
You feel sick.
You feel sick.
Edmund says, "People think my brother is the best.
I think he's crazy."
Edmund zaps a wand.
The roots erupt in riotous growth!
The grasping roots grab you! The grasping roots constrict you.
* * * LOW HITPOINT WARNING * * *
You escape the roots grasp.
You feel sick.
Edmund says, "People accused me of being a cutpurse!"
You feel sick.
You feel sick.
You feel sick.
Edmund looks more healthy.
You feel sick.
You feel sick.
You feel sick.
Casting: Olgreb's Toxic Radiance (quite dangerous; 17% risk of failure)
Confirm with . or Enter, or press ? or * to list all spells.
You don't know that spell.
Casting: Olgreb's Toxic Radiance (quite dangerous; 17% risk of failure)
Confirm with . or Enter, or press ? or * to list all spells.
The spell is quite dangerous to miscast (17% risk of failure)!
Continue anyway?
You miscast Olgreb's Toxic Radiance.
You are very lightly contaminated with residual magic.
Nothing appears to happen.
You feel sick.
You are no longer poisoned.
Edmund zaps a wand.
The roots erupt in riotous growth!
The grasping roots grab you!
The now-empty wand crumbles to dust.
The grasping roots constrict you.
* * * LOW HITPOINT WARNING * * *
You hear an angry hiss.
You hear a bark!
Unknown command.
The roots grasp on you weakens, but your attempt to escape fails.
The grasping roots constrict you.
You die...

................
..............# #
##.#..........# .#
...(.........###.##
#)..........?....#
#................#
#..............#
##.............#
##.#.@##..........#
#..#.S##..........#
#.##..##..........#
##.....##..........#
#.....@##..........#
###.......############
...###<........### ####
..................##########...
....##..##.....##.....∩>.......


You could see Edmund and a water moccasin.

Vanquished Creatures
  Pikel (D:4)
  A sky beast (D:5)
  An ogre (D:4)
  5 wights (D:4)
  2 hounds (D:5)
  An orc priest (D:5)
  4 iguanas
  Ijyb (D:3)
  2 orc wizards
  Robin (D:4)
  6 adders
  8 gnolls
  A white imp (D:5)
  3 worms
  7 dart slugs
  7 orcs
  7 bats
  9 endoplasms
  2 giant cockroaches (D:2)
  15 goblins
  7 hobgoblins
  6 kobolds
  10 quokkas
  7 ball pythons
  5 frilled lizards
  6 rats
125 creatures vanquished.

Vanquished Creatures (others)
  71 foxfires
71 creatures vanquished.

Grand Total: 196 creatures vanquished

Notes
Turn   | Place    | Note
-------+----------+-------------------------------------------
     0 | D:1      | koil the Spriggan Venom Mage began the quest for the Orb.
     0 | D:1      | Reached XP level 1. HP: 9/9 MP: 5/5
    11 | D:1      | Noticed a bullfrog
   162 | D:1      | Reached XP level 2. HP: 13/13 MP: 6/6
   645 | D:2      | Reached XP level 3. HP: 10/17 MP: 8/8
  1413 | D:2      | Reached skill level 1 in Fighting
  1428 | D:2      | Reached XP level 4. HP: 22/22 MP: 10/10
  1447 | D:2      | Reached skill level 4 in Stealth
  1754 | D:1      | Learned a level 4 spell: Olgreb's Toxic Radiance
  1944 | D:3      | Found an opulent altar of Gozag.
  1992 | D:3      | Found a glowing silver altar of Zin.
  2419 | D:3      | Noticed Ijyb
  2434 | D:3      | Killed Ijyb
  2435 | D:3      | Reached XP level 5. HP: 23/25 MP: 9/11
  2530 | D:4      | Noticed Robin
  2538 | D:4      | Killed Robin
  2710 | D:4      | Reached skill level 1 in Short Blades
  2990 | D:4      | Reached XP level 6. HP: 30/30 MP: 12/12
  3105 | D:4      | Noticed Pikel
  3164 | D:4      | Killed Pikel
  3165 | D:4      | Reached skill level 5 in Dodging
  3165 | D:4      | Reached skill level 5 in Stealth
  3165 | D:4      | Reached XP level 7. HP: 35/35 MP: 13/15
  3209 | D:4      | Reached skill level 6 in Stealth
  3795 | D:4      | Learned a level 1 spell: Foxfire
  4119 | D:4      | Reached skill level 5 in Spellcasting
  4119 | D:4      | Reached XP level 8. HP: 30/36 MP: 13/16
  4383 | D:5      | Entered Level 5 of the Dungeon
  4466 | D:5      | Reached skill level 5 in Transmutations
  4518 | D:5      | Reached skill level 1 in Fire Magic
  4980 | D:5      | Found a radiant altar of Vehumet.
  4990 | D:5      | Became a worshipper of Vehumet
  5073 | D:6      | Found Nimef's Book Shoppe.
  5108 | D:6      | Noticed Edmund
  5174 | D:6      | Constricted to death by Edmund

Illustrated notes

Levels and vault maps discovered:
D:1:      evilmike_arrival_come_back, layout_rooms
D:2:      layout_basic, nicolae_grassy_gnolls
D:3:      layout_loops_ring, pdpol_temple_overflow_zin_treasury_gozag_greed,
          uniq_ijyb
D:4:      layout_basic, uniq_pikel, uniq_robin
D:5:      layout_basic, mainiacjoe_overflow_brackets, kennysheep_another_room
D:6:      layout_rooms, minmay_temple_entry_ruins, serial_shops, shop,
          uniq_edmund

Skill      XL: |  1  2  3  4  5  6  7  8 |
---------------+-------------------------+-----
Spellcasting   | 3 4 5 |  5.3
Dodging        | 3 4 5 |  5.6
Transmutations | 2 3 4 5 |  5.3
Fighting       | 1 2 3 |  3.0
Stealth        | 4 5 6 |  6.7
Short Blades   | 1 2 3 |  3.4
Poison Magic   | 4 |  4.9
Fire Magic     | 1 |  1.1

Action                   |  1- 3 |  4- 6 |  7- 9 || total
-------------------------+-------+-------+-------++-------
Melee: Short sword       |   102 |   143 |   114 ||   359
       Punch             |     2 |     2 |     2 ||     6
Throw: Dart              |       |       |     4 ||     4
 Cast: Sting             |    17 |    43 |    44 ||   104
       Foxfire           |       |       |    55 ||    55
       Olgreb's Toxic Ra |       |       |     3 ||     3
  Use: Potion            |       |     2 |       ||     2
       Scroll            |       |     2 |       ||     2
 Stab: Sleeping          |    12 |    13 |     5 ||    30
       Distracted        |     1 |     1 |       ||     2
Armor: Robe              |    28 |    29 |    19 ||    76
Dodge: Dodged            |    75 |    86 |    79 ||   240

Table legend: (Time is in decaauts)
 A = Elapsed time spent in this place.
 B = Non-inter-level travel time spent in this place.
 C = Inter-level travel time spent in this place.
 D = Time resting spent in this place.
 E = Time spent auto-exploring this place.
 F = Levels seen in this place.
 G = Mean time per level.
                   A        B        C        D        E       F      G
               +--------+--------+--------+--------+--------+-----+--------+
         Total |   3609 |   3463 |    146 |    219 |   1921 |   6 |  601.5 |
       Dungeon |   3609 |   3463 |    146 |    219 |   1921 |   6 |  601.5 |
               +--------+--------+--------+--------+--------+-----+--------+

Top non-repeatable levels by time:
     D:4: 1284 daAuts
     D:2: 858 daAuts
     D:3: 571 daAuts
     D:5: 459 daAuts
     D:1: 350 daAuts
     D:6: 84 daAuts
